 Dungeon Crawl Stone Soup version 0.20.1-1-g8b1a95d (webtiles) character file.

268 Caractacus the Shield-Bearer (level 6, 39/39 HPs)
             Began as a Gargoyle Fighter on July 17, 2017.
             Quit the game on level 4 of the Dungeon.
             The game lasted 00:13:42 (3166 turns).

Caractacus the Shield-Bearer (Gargoyle Fighter)     Turns: 3166, Time: 00:13:42

Health: 39/39      AC: 16    Str: 19    XL:     6   Next: 21%
Magic:  6/6        EV:  5    Int:  9    God:
Gold:   179        SH:  9    Dex:  9    Spells: 5/5 levels left

rFire    + . .     SeeInvis .   a - +1 long sword
rCold    + . .     Gourm    .   c - +0 shield
rNeg     + . .     Faith    .   u - +0 chain mail
rPois    ∞         Spirit   .   (no helmet)
rElec    +         Reflect  .   (no cloak)
rCorr    .         Harm     .   g - +1 pair of gloves
MR       .....                  (no boots)
Stlth    ..........             (no amulet)
Regen    0.2/turn               x - ring of protection from cold
MPRegen  0.1/turn               (no ring)

@: no status effects
A: fire resistance 1, negative energy resistance 1, electricity resistance, weak
1, unbreathing, petrification resistance, rot immunity, AC +4
a: no special abilities


You were on level 4 of the Dungeon.
You were not hungry.

You visited 1 branch of the dungeon, and saw 4 of its levels.

You collected 179 gold pieces.

Inventory:

Hand Weapons
 a - a +1 long sword (weapon)
 t - a +0 flail
Missiles
 i - 53 bolts
 w - 3 tomahawks (quivered)
Armour
 c - a +0 shield (worn)
 g - a +1 pair of gloves (worn)
 u - a +0 chain mail (worn)
Jewellery
 x - a ring of protection from cold (left hand)
Scrolls
 e - 3 scrolls of identify
 h - a scroll of magic mapping
 k - a scroll of remove curse
Potions
 d - 4 potions of might
 q - 2 potions of brilliance
Comestibles
 b - 2 chunks of flesh
 f - 4 bread rations
 l - 2 meat rations
 m - 4 royal jellies


   Skills:
 + Level 4.3 Fighting
 + Level 3.6 Long Blades
 + Level 4.1 Armour
 - Level 1.1 Dodging
 + Level 4.6 Shields


You had 5 spell levels left.
You didn't know any spells.

Dungeon Overview and Level Annotations

Branches:
Dungeon (4/15)
 Temple: D:4-7

Altars:


Innate Abilities, Weirdness & Mutations

You are resistant to torment.
Your stone body is resilient. (AC +4)
You are immune to poison.
You resist negative energy. (rN+)
You are resistant to electric shocks. (rElec)
You can survive without breathing.
You are immune to petrification.
You are immune to rotting.
Your flesh is heat resistant. (rF+)
You are weak. (Str -2)


Message History

You open the door.
There is an open door here.
You open the door. 3 hobgoblins come into view.
The hobgoblin shouts! x3
Found 22 sling bullets and 13 stones.
You closely miss the hobgoblin. You hit the hobgoblin.
You kill the hobgoblin!
The hobgoblin hits you but does no damage.
You hit the hobgoblin.
The hobgoblin is severely wounded.
The hobgoblin completely misses you.
You slash the hobgoblin!
You kill the hobgoblin!
You hit the hobgoblin.
You kill the hobgoblin!
No target in view!
Unknown command.
Are you sure you want to abandon this character and quit the game? (Confirm with "yes".)

............#.[####,,####..####..
#####.#.#...#..#).#,,+,,####,,#..
## #.#.#*,.#.(').####,,+,,*,,#..
.####.#,#*,,#####'#..#+##,,**+##.
......#,**,,*,,#........#***,,,#.
>...........*,,+.#####....,+,,,#.
#####.#.#..#**##.#,.(#***.,***##.
,,,,#.#.#,,#,,#.)#.(.+,,*,,*,,#..
##*,#.#,#,,*,,#.@)...#,,*,,*,,#..
..*,#.#,,,,**+##.##+##,,*,***+#..
#.*,#.#*,,,+,,,+..*,,**+*,+,,,#..
*,,,*..,,,,*,,,#..#,,*,,*,*,,,#..
*********,,*+**##.#***,,*,****##.
,,,,,,* *,,,,*,,*..,,****,,*,,,#.
,,,,,,* *,,,,*,,+...,,,,,,,*,,,+.
,,,,,,* *,,******###**,,**+*,,,#.
,,,,,,* *,,*,,,+,,+,,+,,*,,*,,,#.


There were no monsters in sight!

Vanquished Creatures
  A bullfrog (D:3)
  Natasha (D:2)
  A worker ant (D:4)
  6 adders
  An ooze (D:3)
  3 worms
  2 dart slugs (D:1)
  A leopard gecko (D:1)
  10 orcs (D:3)
  6 bats
  2 giant cockroaches (D:1)
  8 goblins
  15 hobgoblins
  11 kobolds
  2 quokkas
  5 rats
75 creatures vanquished.

Notes
Turn   | Place    | Note
-------+----------+-------------------------------------------
     0 | D:1      | Caractacus the Gargoyle Fighter began the quest for the Orb.
     0 | D:1      | Reached XP level 1. HP: 14/14 MP: 1/1
    61 | D:1      | Reached XP level 2. HP: 19/19 MP: 2/2
   451 | D:1      | Reached XP level 3. HP: 24/24 MP: 3/3
  1079 | D:2      | Reached XP level 4. HP: 29/29 MP: 4/4
  1854 | D:2      | Noticed Natasha
  1876 | D:2      | Killed Natasha
  2029 | D:2      | Reached XP level 5. HP: 25/33 MP: 5/5
  2194 | D:3      | Reached skill level 1 in Dodging
  2656 | D:3      | Found a faded altar of an unknown god.
  2730 | D:3      | Reached XP level 6. HP: 37/39 MP: 6/6
  2909 | D:3      | Gained mutation: Your mind is acute. (Int +2) [potion of mutation]
  2909 | D:3      | Gained mutation: Your natural rate of healing is unusually fast. [potion of mutation]
  2909 | D:3      | Gained mutation: Your spells are a little harder to cast, but a little more powerful. [potion of mutation]
  2910 | D:3      | Lost mutation: Your mind is acute. (Int +2) [potion of mutation]
  2910 | D:3      | Lost mutation: Your spells are a little harder to cast, but a little more powerful. [potion of mutation]
  2910 | D:3      | Lost mutation: Your natural rate of healing is unusually fast. [potion of mutation]
  2910 | D:3      | Gained mutation: You are weak. (Str -2) [potion of mutation]
  2910 | D:3      | Gained mutation: Your flesh is heat resistant. (rF+) [potion of mutation]
  3166 | D:4      | Quit the game

Skill      XL: |  1  2  3  4  5 |
---------------+----------------+-----
Long Blades    | 2 3 |  3.6
Fighting       | 4 |  4.3
Dodging        | 1 |  1.1
Armour         | 4 |  4.1
Shields        | 4 |  4.6

Action                   |  1- 3 |  4- 6 || total
-------------------------+-------+-------++-------
Melee: Long sword        |    97 |   256 ||   353
  Use: Scroll            |       |     7 ||     7
       Potion            |       |     5 ||     5
  Eat: Chunk             |     1 |     7 ||     8
Armor: Scale mail        |    49 |    69 ||   118
       Chain mail        |       |   115 ||   115
Dodge: Dodged            |    39 |    79 ||   118
Block: Shield            |    48 |   154 ||   202
       Rpst.: Long sword |    14 |    24 ||    38
